 Dungeon Crawl Stone Soup version 0.28-a0-861-ge64d6db94f (webtiles) character file.

Game seed: 12652790971165123757

40 croobank the Sneak (level 3, 0/26 HPs)
             Began as an Octopode Delver on Nov 15, 2021.
             Was an Initiate of Vehumet.
             Slain by an adder (4 damage)
             ... on level 2 of the Dungeon.
             The game lasted 00:08:28 (2314 turns).

croobank the Sneak (Octopode Delver)                Turns: 2314, Time: 00:08:28

Health: 0/26       AC:  1    Str: 12    XL:     3   Next: 50%
Magic:  3/3        EV: 13    Int: 12    God:    Vehumet [......]
Gold:   81         SH:  0    Dex: 13    Spells: 2/2 levels left

rFire   + . .      SeeInvis +   a - +0 hand axe
rCold   x . .      Faith    .   (no shield)
rNeg    . . .      Spirit   .   (helmet restricted)
rPois   .          Reflect  .   (no amulet)
rElec   .          Harm     .   d - ring of see invisible
rCorr   .          Rampage  .   j - ring of fire
Will    .....                   (no ring)
Stlth   +++++.....              (no ring)
HPRegen 0.08/turn               (no ring)
MPRegen 0.08/turn               (no ring)
                                (no ring)
                                (no ring)

@: hasted, very quick
A: almost no armour, amphibious, 8 rings, camouflage 1, gelatinous body 1,
(nimble swimmer 1), tentacles
a: Renounce Religion


You were on level 2 of the Dungeon.
You worshipped Vehumet.
Vehumet was noncommittal.
You visited 1 branch of the dungeon, and saw 5 of its levels.

You collected 81 gold pieces.

Inventory:

Hand Weapons
 a - a +0 hand axe (weapon)
 g - a +0 short sword
 h - a +0 dagger
Missiles
 i - 60 stones (quivered)
Armour
 q - a +0 tower shield
Jewellery
 d - a ring of see invisible (left tentacle)
 j - a ring of fire (right tentacle)
Wands
 f - a wand of digging (3)
 n - a wand of polymorph (1)
Scrolls
 b - a scroll of fog
 c - a scroll of magic mapping
 p - a scroll of blinking {unknown}
 r - a scroll of teleportation {unknown}
 s - a scroll of identify
Potions
 e - a potion of haste
 k - 2 potions of brilliance
 m - a potion of resistance {unknown}
 o - a potion of might {unknown}


   Skills:
 + Level 3.1 Fighting
 + Level 2.3 Axes
 + Level 2.1 Dodging
 + Level 7.7 Stealth


You had 2 spell levels left.
You didn't know any spells.
Your spell library was empty.

Dungeon Overview and Level Annotations

Branches:
Dungeon (5/15)
 Temple: D:4-7

Altars:
Vehumet
Wu Jian
Yredelemnul


Innate Abilities, Weirdness & Mutations

You cannot wear most types of armour.
You are amphibious.
You can wear up to eight rings at the same time.
Your skin changes colour to match your surroundings (Stealth+).
Your rubbery body absorbs attacks. (AC +1, EV +1)
((You are camouflaged near water. (Stealth+)))
You have tentacles for arms and can constrict up to eight enemies at once.


Message History

The giant cockroach is almost dead.
You constrict the giant cockroach.
You kill the giant cockroach!
Vehumet accepts your kill.
There is a stone staircase leading down here.
You open the door. 2 adders come into view.
Found an escape hatch in the floor.
There is an open door here.
The helpless adder fails to defend itself.
You hit the adder. Your grab misses the adder. Your squeeze misses the adder.
The adder is lightly wounded.
The adder bites you. The adder misses you. The adder bites you.
You are poisoned.
The adder poisons you!
You closely miss the adder. Your grab misses the adder.
The adder is lightly wounded.
You closely miss the adder.
You feel sick. The adder bites you.
You are more poisoned.
The adder poisons you! The adder bites you but does no damage.
You completely miss the adder. Your grab misses the adder.
The adder is lightly wounded.
You closely miss the adder.
You feel sick. The adder bites you. The adder completely misses you.
The adder bites you. The adder misses you.
You feel better. The adder bites you. x2
You barely miss the adder. Your grab misses the adder. You hit the adder.
The adder bites you. x2
* * * LOW HITPOINT WARNING * * *
You are lethally poisoned!
The adder poisons you! The adder closely misses you. The adder misses you.
You feel better. The adder barely misses you.
The adder bites you but does no damage.
You feel yourself speed up. The adder closely misses you.
The adder misses you. x2
You closely miss the adder. Your grab misses the adder.
The adder is lightly wounded.
You hit the adder. The adder bites you. The adder misses you.
The adder bites you.
* * * LOW HITPOINT WARNING * * *
The adder bites you.
You die...

##+##
##...##
##.....##
##.......##
#.........#
+........>+
#....S....#
#...S@..#
##.....##
##...##
##'##
##.#######
#........#
#..#####.#
##...##
#.....#


You could see 2 adders.

Vanquished Creatures
  An adder (D:4)
  A worm (D:2)
  2 dart slugs (D:1)
  An orc (D:3)
  3 ball pythons
  A bat (D:1)
  A giant cockroach (D:2)
  2 goblins
  4 hobgoblins
  A kobold (D:1)
  A quokka (D:2)
  2 frilled lizards (D:1)
  3 rats
23 creatures vanquished.

Vanquished Creatures (others)
  A fungus (D:3)
  4 plants (D:3)
5 creatures vanquished.

Grand Total: 28 creatures vanquished

Notes
Turn   | Place    | Note
-------+----------+-------------------------------------------
     0 | D:5      | croobank the Octopode Delver began the quest for the Orb.
     0 | D:5      | Reached XP level 1. HP: 16/16 MP: 1/1
    16 | D:5      | Noticed an ogre
    28 | D:5      | Found a radiant altar of Vehumet.
    43 | D:5      | Became a worshipper of Vehumet
    49 | D:5      | Found an ornate altar of the Wu Jian Council.
   297 | D:5      | Found a basalt altar of Yredelemnul.
   522 | D:4      | Reached skill level 7 in Stealth
   522 | D:4      | Reached XP level 2. HP: 18/21 MP: 2/2
  1288 | D:1      | Reached XP level 3. HP: 26/26 MP: 3/3
  2314 | D:2      | Slain by an adder

Illustrated notes

Levels and vault maps discovered:
D:1:      scummos_arrival_hexagon, layout_basic, minmay_tetromino_i2
D:2:      layout_loops_corners, grunt_ministairs_11
D:3:      layout_basic, shapermc_ecumenical_altar_hornbeckon,
          kennysheep_generic_room_15
D:4:      minmay_diamond_boxcup, layout_rooms,
          mainiacjoe_overflow_cross_hatched, chequers_ossuary_entry_cave
D:5:      layout_basic, mainiacjoe_overflow_catch_the_wave,
          amcnicky_altar_gilded, jmf_multi_god_temple2

Skill      XL: |  1 |
---------------+----+-----
Stealth        | 7 |  7.7
Fighting       | |  3.1
Axes           | |  2.3
Dodging        | |  2.1

Action                   || total
-------------------------++-------
Melee: Hand axe          ||    51
       Constrict         ||    13
       Tentacles         ||     6
  Use: Scroll            ||     3
       Potion            ||     3
 Stab: Sleeping          ||     9
       Fleeing           ||     1
Armor: Skin              ||     5
Dodge: Dodged            ||    39

Table legend: (Time is in decaauts)
 A = Elapsed time spent in this place.
 B = Non-inter-level travel time spent in this place.
 C = Inter-level travel time spent in this place.
 D = Time resting spent in this place.
 E = Time spent auto-exploring this place.
 F = Levels seen in this place.
 G = Mean time per level.
                   A        B        C        D        E       F      G
               +--------+--------+--------+--------+--------+-----+--------+
         Total |   2322 |   2295 |     27 |    690 |   1001 |   5 |  464.4 |
       Dungeon |   2322 |   2295 |     27 |    690 |   1001 |   5 |  464.4 |
               +--------+--------+--------+--------+--------+-----+--------+

Top non-repeatable levels by time:
     D:1: 969 daAuts
     D:3: 493 daAuts
     D:2: 328 daAuts
     D:5: 304 daAuts
     D:4: 226 daAuts
